 Dungeon Crawl Stone Soup version 0.18-a0-1195-g77a4f03 (webtiles) character file.

40 Kidiri the Conjurer (level 3, -4/20 HPs)
             Began as a Deep Elf Conjurer on Jan 29, 2016.
             Slain by a gnoll
             ... wielding a +0 halberd
              (8 damage)
             ... on level 2 of the Dungeon.
             The game lasted 00:06:21 (1576 turns).

Kidiri the Conjurer (Deep Elf Conjurer)             Turns: 1576, Time: 00:06:21

Health: -4/20      AC:  2    Str:  5    XL:     3   Next: 30%
Magic:  3/10       EV:  8    Int: 20    God:
Gold:   72         SH:  0    Dex: 15    Spells: 3 memorised, 3 levels left

rFire  . . .     SeeInvis .     d - +0 short sword
rCold  . . .     Gourm    .     a - +0 robe
rNeg   . . .     Faith    .     (no shield)
rPois  .         Spirit   .     (no helmet)
rElec  .         Dismiss  .     (no cloak)
rCorr  .         Reflect  .     (no gloves)
SustAt .         Harm     .     (no boots)
MR     .....                    (no amulet)
Stlth  ++........               (no ring)
                                (no ring)

@: not resistant to hostile enchantments, unstealthy
A: no striking features
a: no special abilities


You were on level 2 of the Dungeon.
You were hungry.

You visited 1 branch of the dungeon, and saw 2 of its levels.

You collected 72 gold pieces.

Inventory:

Hand Weapons
 d - a +0 short sword (weapon)
Armour
 a - a +0 robe (worn)
Scrolls
 e - a scroll of enchant armour {unknown}
 h - a scroll of blinking {unknown}
 j - a scroll of identify {unknown}
Potions
 g - a potion of heal wounds {unknown}
 l - 2 potions of curing {unknown}
Books
 b - a book of Conjurations

   Spells                             Type                      Level
   a - Magic Dart                     Conjuration                  1
   b - Searing Ray                    Conjuration                  2
   c - Dazzling Spray                 Conjuration/Hexes            3
   d - Fulminant Prism                Conjuration/Hexes            4
   e - Iskenderun's Mystic Blast      Conjuration                  4
   f - Iskenderun's Battlesphere      Conjuration/Charms           5
Comestibles
 c - a bread ration
 f - 5 chunks of flesh
 i - a fruit
 k - a royal jelly


   Skills:
 + Level 0.4 Fighting
 + Level 0.4 Armour
 * Level 2.8 Dodging
 + Level 2.8 Stealth
 * Level 3.9 Spellcasting
 * Level 4.6 Conjurations
 + Level 0.0 Hexes


You had 3 spell levels left.
You knew the following spells:

 Your Spells              Type           Power        Failure   Level  Hunger
a - Magic Dart            Conj           ###.         1%          1    None
b - Searing Ray           Conj           ###...       2%          2    ##.....
c - Dazzling Spray        Conj/Hex       ##......     17%         3    ###....


Dungeon Overview and Level Annotations

Branches:
Dungeon (2/15)

Altars:
Trog


Message History

Aim: a gnoll, wielding a whip (moderately wounded, blind)
The spray of energy hits the gnoll.
The gnoll is almost dead.
The gnoll is dazzled.
The spray of energy misses the gnoll.
The gnoll closely misses you.
Unknown command.
Casting: Dazzling Spray
Confirm with . or Enter, or press ? or * to list all spells.
Aiming: Magic Dart
Press: ? - help, Shift-Dir - straight line, f/p - gnoll
Aim: a gnoll, wielding a whip (almost dead, blind, hasn't noticed you)
The magic dart hits the gnoll.
The gnoll is almost dead.
The gnoll shouts!
You hear a shout! x3
The gnoll hits you from afar with a halberd!
Ouch! That really hurt!
* * * LOW HITPOINT WARNING * * *
Unknown command.
The gnoll hits you from afar with a halberd!
You die...

#....<#.. #.
#........ #.
##.#####..
#g######..# #..
#........######..
#......##........
###........#......
#)gg###..#........
#@..g..#..........
###.##............
#.###...........
... ...........
..... .........g.
#...............g.
#......#..........
###...............
....


You could see 3 gnolls.

Vanquished Creatures
  A gnoll (D:2)
  A giant gecko (D:1)
  2 bats
  A giant cockroach (D:2)
  3 goblins
  A hobgoblin (D:1)
  4 jackals
  A ball python (D:1)
  2 giant newts
  7 kobolds
  7 rats (D:1)
  A plant (D:1)
31 creatures vanquished.

Notes
Turn   | Place    | Note
--------------------------------------------------------------
     0 | D:1      | Kidiri the Deep Elf Conjurer began the quest for the Orb.
     0 | D:1      | Reached XP level 1. HP: 10/10 MP: 6/6
   292 | D:1      | Reached XP level 2. HP: 15/15 MP: 6/8
   297 | D:1      | Learned a level 2 spell: Searing Ray
  1085 | D:2      | Found a bloodstained altar of Trog.
  1154 | D:2      | Reached XP level 3. HP: 18/20 MP: 2/10
  1161 | D:1      | Learned a level 3 spell: Dazzling Spray
  1318 | D:1      | Noticed a phantom
  1576 | D:2      | Slain by a gnoll

Vault maps used:
D:1:      onia_arrival_mini_maze_b
D:2:      nicolae_ru_the_path_less_chosen, minitemple, bloody_trog, uniq_robin

Action                   || total
-------------------------++-------
Melee: Short sword       ||   121
 Cast: Magic Dart        ||    56
       Dazzling Spray    ||     4
  Eat: Chunk             ||     2
